 Dungeon Crawl Stone Soup version 0.27.0-1-g7a089689b8 (webtiles) character file.

Game seed: 7104587256774986782

76 Spaninq the Chopper (level 4, -2/38 HPs)
             Began as a Minotaur Warper on Aug 2, 2021.
             Was a Priest of Uskayaw.
             Slain by Purgy (7 damage)
             ... on level 3 of the Dungeon.
             The game lasted 00:04:03 (2354 turns).

Spaninq the Chopper (Minotaur Warper)               Turns: 2354, Time: 00:04:04

Health: -2/38      AC:  5    Str: 17    XL:     4   Next: 12%
Magic:  5/5        EV: 11    Int: 10    God:    Uskayaw [***...]
Gold:   80         SH:  0    Dex:  9    Spells: 3/5 levels left

rFire    . . .     SeeInvis .   a - +0 hand axe
rCold    . . .     Faith    .   (no shield)
rNeg     . . .     Spirit   .   k - +0 ring mail
rPois    .         Reflect  .   (helmet restricted)
rElec    .         Harm     .   (no cloak)
rCorr    .         Rampage  .   (no gloves)
Will     .....                  (no boots)
Stlth    ..........             (no amulet)
HPRegen  0.12/turn              (no ring)
MPRegen  0.09/turn              (no ring)

@: no status effects
A: horns 2, retaliatory headbutt
a: Renounce Religion, Stomp, Line Pass


You were on level 3 of the Dungeon.
You worshipped Uskayaw.
Uskayaw was noncommittal.
You visited 1 branch of the dungeon, and saw 3 of its levels.

You collected 80 gold pieces.

Inventory:

Hand Weapons
 a - a +0 hand axe (weapon)
Missiles
 d - 5 boomerangs of dispersal (quivered)
Armour
 k - a +0 ring mail (worn)
Scrolls
 b - a scroll of enchant weapon {unknown}
 c - a scroll of blinking
 i - a scroll of fog {unknown}
 j - 2 scrolls of teleportation {unknown}
 l - 2 scrolls of identify {unknown}
Potions
 e - a potion of invisibility {unknown}
 f - 3 potions of mutation {unknown}
 g - 2 potions of haste {unknown}
 h - a potion of berserk rage {unknown}
 m - a potion of lignification {unknown}


   Skills:
 + Level 3.2 Fighting
 * Level 3.8 Axes
 - Level 1.0 Throwing
 + Level 2.3 Armour
 + Level 2.9 Dodging
 - Level 1.3 Spellcasting
 - Level 2.1 Translocations


You had 3 spell levels left.
You knew the following spells:

 Your Spells              Type           Power      Damage    Failure   Level
a - Blink                 Tloc           N/A        N/A       36%         2

Your spell library contained the following spells:

 Spells                   Type           Power      Damage    Failure   Level
 Gell's Gravitas          Tloc           2%         N/A       58%         3
 Lesser Beckoning         Tloc           2%         N/A       58%         3
 Teleport Other           Tloc           5%         N/A       58%         3
 Manifold Assault         Tloc           5%         N/A       100%        5


Dungeon Overview and Level Annotations

Branches:
Dungeon (3/15)

Altars:
Uskayaw

Annotations:
D:2 Sigmund
D:3 Purgy


Innate Abilities, Weirdness & Mutations

You have a pair of horns on your head.
You reflexively headbutt those who attack you in melee.


Message History

Purgy closely misses you.
You hit Purgy.
Purgy is lightly wounded.
Purgy barely misses you. Purgy claws you but does no damage.
Purgy closely misses you.
You completely miss Purgy.
Purgy is lightly wounded.
Purgy hisses menacingly.
Purgy closely misses you. You furiously retaliate!
You headbutt Purgy! Purgy misses you. Purgy closely misses you.
You can now pass through a line of other dancers.
You hit Purgy but do no damage.
Purgy is moderately wounded.
Purgy barely misses you. Purgy claws you. Purgy barely misses you.
You hit Purgy.
Purgy is heavily wounded.
Purgy bites you. Purgy barely misses you. Purgy closely misses you.
You hit Purgy.
Purgy is heavily wounded.
Purgy bites you. Purgy claws you. Purgy claws you but does no damage.
Purgy bites you. Purgy barely misses you. Purgy claws you.
You barely miss Purgy.
Purgy is heavily wounded.
Purgy completely misses you. Purgy claws you but does no damage.
Purgy closely misses you.
You hit Purgy. You headbutt Purgy.
Purgy is severely wounded.
Purgy bites you!
* * * LOW HITPOINT WARNING * * *
Purgy claws you.
* * * LOW HITPOINT WARNING * * *
Purgy claws you.
* * * LOW HITPOINT WARNING * * *
Uskayaw will force your foes to helplessly watch your dance.
Uskayaw prepares the audience for your solo!
The helpless Purgy fails to defend himself.
You slash Purgy!
Purgy is almost dead.
Purgy is no longer paralysed.
Purgy bites you!
You die...

.....###.
##.......#..
#.......... #
#..#......
#.##..#....# .#
#.........##..#
#....#.†......#
#. #.T@...#..
#. #.........#
#.###......#..#
#...#...### #
#..##...##
#..###.... #
#...........
#.###.#.....##.
#...<.......#


You could see Purgy.

Vanquished Creatures
  An adder (D:2)
  A worm (D:2)
  2 dart slugs
  5 orcs (D:3)
  4 endoplasms
  4 giant cockroaches
  6 goblins
  5 hobgoblins
  3 jackals (D:2)
  2 quokkas
  4 ball pythons
  2 bats
  2 frilled lizards
  A kobold (D:1)
  4 rats
46 creatures vanquished.

Vanquished Creatures (others)
  A dart slug (D:1)
1 creature vanquished.

Grand Total: 47 creatures vanquished

Notes
Turn   | Place    | Note
-------+----------+-------------------------------------------
     0 | D:1      | Spaninq the Minotaur Warper began the quest for the Orb.
     0 | D:1      | Reached XP level 1. HP: 18/18 MP: 1/1
   277 | D:1      | Reached XP level 2. HP: 23/25 MP: 3/3
   343 | D:1      | Learned a level 2 spell: Blink
   580 | D:1      | Found a faded altar of an unknown god.
   587 | D:1      | Became a worshipper of Uskayaw the Reveller
   587 | D:1      | Reached * piety under Uskayaw
   804 | D:2      | Reached ** piety under Uskayaw
   870 | D:2      | Reached XP level 3. HP: 25/30 MP: 4/4
  1460 | D:2      | Noticed Sigmund
  1525 | D:2      | HP: 1/31 [fell downstairs (1)]
  2179 | D:3      | Reached XP level 4. HP: 25/38 MP: 5/5
  2179 | D:3      | Reached *** piety under Uskayaw
  2339 | D:3      | Noticed Purgy
  2354 | D:3      | Slain by Purgy

Illustrated notes

Levels and vault maps discovered:
D:1:      matt_arrival_diagonals, layout_basic,
          hellmonk_ecumenical_altar_inner_sanctum
D:2:      layout_loops_ring, kennysheep_another_room, uniq_sigmund
D:3:      layout_loops_ring, nemelex_diamond_rough_becter, uniq_purgy

Skill      XL: |  1  2  3 |
---------------+----------+-----
Axes           | 3 |  3.8
Armour         | 2 |  2.3
Fighting       | 3 |  3.2
Throwing       | |  1.0
Dodging        | |  2.9
Spellcasting   | |  1.3
Translocations | |  2.1

Action                   |  1- 3 |  4- 6 || total
-------------------------+-------+-------++-------
Melee: Hand axe          |    97 |    19 ||   116
       Headbutt          |     9 |     2 ||    11
 Stab: Paralysed         |       |     2 ||     2
Armor: Leather armour    |     3 |       ||     3
       Ring mail         |    27 |     8 ||    35
Dodge: Dodged            |    62 |    20 ||    82
